 Dungeon Crawl Stone Soup version 0.24-a0-269-g32ec7ca (webtiles) character file.

Game seed: 7471891463887923869

1974 wvc the Carver (level 9, 5/64 HPs)
             Began as a Human Fighter on Apr 12, 2019.
             Was a Believer of Ru.
             Quit the game on level 7 of the Dungeon on Apr 21, 2019.
             The game lasted 00:19:19 (8021 turns).

wvc the Carver (Human Fighter)                      Turns: 8021, Time: 00:19:20

Health: 5/64       AC:  8    Str: 20    XL:     9   Next: 43%
Magic:  9/9        EV: 10    Int:  8    God:    Ru [**....]
Gold:   283        SH:  0    Dex: 13    Spells: 8/8 levels left

rFire    + . .     SeeInvis .   c - +2 falchion
rCold    . . .     Gourm    .   (no shield)
rNeg     . . .     Faith    .   k - +0 ring mail
rPois    .         Spirit   .   p - +0 helmet
rElec    .         Reflect  .   (no cloak)
rCorr    .         Harm     .   e - +0 pair of gloves
MR       .....                  n - +0 pair of boots
Stlth    ..........             d - amulet of inaccuracy (curse)
HPRegen  0.20/turn              q - ring of wizardry
MPRegen  0.11/turn              w - ring of protection from fire

@: lethally poisoned (5 -> -10), heavily drained
A: no stealth, no hexes magic, no poison magic, no summoning magic
a: Renounce Religion


You were on level 7 of the Dungeon.
You worshipped Ru.
Ru was pleased with you.
You were not hungry.

You visited 1 branch of the dungeon, and saw 7 of its levels.

You collected 283 gold pieces.

Inventory:

Hand Weapons
 a - a +1 long sword
 c - a +2 falchion (weapon)
 o - a +5 short sword of speed
 t - a +1 great sword
Missiles
 h - 12 tomahawks (quivered)
 u - 38 poisoned needles
 y - a throwing net
Armour
 e - a +0 pair of gloves (worn)
 k - a +0 ring mail (worn)
 n - a +0 pair of boots (worn)
 p - a +0 helmet (worn)
Jewellery
 d - a cursed amulet of inaccuracy (around neck)
 j - an uncursed amulet of faith
 q - a ring of wizardry (left hand)
 w - a ring of protection from fire (right hand)
Wands
 b - a wand of iceblast (13)
 v - a wand of clouds (2)
 z - a wand of digging (4)
Scrolls
 l - 3 scrolls of amnesia
 m - 2 scrolls of teleportation
Potions
 g - a potion of heal wounds
 i - 5 potions of curing
 r - a potion of cancellation
 s - 2 potions of brilliance
 x - a potion of resistance
Comestibles
 f - 5 rations


   Skills:
 + Level 3.5(1.8) Fighting
 * Level 11.2(9.1) Long Blades
 + Level 3.9(2.2) Armour
 + Level 1.0(0.0) Dodging
   Level 3.0(1.2) Shields


You had 8 spell levels left.
You didn't know any spells.
Your spell library contained the following spells:

 Spells                   Type           Power        Failure   Level  Hunger
 Summon Small Mammal      Summ           Unusable     N/A         1    N/A
 Call Imp                 Summ           Unusable     N/A         2    N/A
 Call Canine Familiar     Summ           Unusable     N/A         3    N/A
 Summon Guardian Golem    Hex/Summ       Unusable     N/A         3    N/A
 Summon Ice Beast         Ice/Summ       Unusable     N/A         4    N/A
 Summon Lightning Spire   Summ/Air       Unusable     N/A         4    N/A

Dungeon Overview and Level Annotations

Branches:
Dungeon (7/15)
 Temple: D:4-7

Altars:
Elyvilon
Fedhas
Hepliaklqana
Kikubaaqudgha
Nemelex Xobeh
Qazlal
Ru
Uskayaw

Shops:
D:5 }


Innate Abilities, Weirdness & Mutations

You cannot be stealthy.
You cannot study or cast Hexes magic.
You cannot study or cast Poison magic.
You cannot study or cast Summoning magic.


Message History

The hound bites you.
You completely miss the killer bee.
The killer bee is heavily wounded.
You feel sick. The killer bee misses you. The hound bites you.
The killer bee stings you!
You are more poisoned.
The killer bee poisons you!
You are too injured to fight recklessly!
You feel sick. The killer bee stings you. x2
* * * LOW HITPOINT WARNING * * *
Found a ring mail.
* * * LOW HITPOINT WARNING * * *
You feel sick.
The hound is stunned by your will and fails to attack.
* * * LOW HITPOINT WARNING * * *
You feel sick. The killer bee stings you!
* * * LOW HITPOINT WARNING * * *
Quiver which item? (- for none, * to show all) (? for menu, Esc to quit)
Okay, then.
Are you sure you want to abandon this character and quit the game? (Confirm with "yes".)

#...........####
.###.###.###...#
.....##..###.####
###..............##
..#####.###.####..##
#..###..# #.# ##..
........###.# #..
......(..##.####.#
...........y..##@#
..........#.#.Jy/#
...........y#..h.#
..........###....#
..........##.....#
.........##..###.#
..#......#..# #.#
#.######.#.# #.#
....h............[


You could see a hound, a jelly and a killer bee.

Vanquished Creatures
  4 ogres
  4 bullfrogs (D:6)
  10 wights (D:6)
  A howler monkey (D:5)
  3 vampire bats (D:5)
  3 crimson imps
  A centaur zombie (D:6)
  A gnoll shaman (D:6)
  3 orc priests
  A bullfrog skeleton (D:6)
  A hound (D:6)
  An orc wizard (D:5)
  An iguana (D:6)
  6 worker ants
  Robin (D:3)
  9 gnolls
  A worker ant zombie (D:5)
  3 adders
  A shadow imp (D:6)
  2 oozes (D:3)
  10 worms
  2 dart slugs
  4 leopard geckos
  9 orcs
  2 bat skeletons (D:5)
  4 bat zombies (D:5)
  5 giant cockroaches
  13 goblins
  15 hobgoblins
  9 jackals
  4 quokkas
  2 ball pythons
  4 bats
  6 frilled lizards
  A jackal zombie (D:5)
  8 kobolds
  24 rats
179 creatures vanquished.

Notes
Turn   | Place    | Note
-------+----------+-------------------------------------------
     0 | D:1      | wvc the Human Fighter began the quest for the Orb.
     0 | D:1      | Reached XP level 1. HP: 18/18 MP: 1/1
    61 | D:1      | Reached XP level 2. HP: 9/24 MP: 2/2
   308 | D:1      | Reached skill level 3 in Long Blades
   610 | D:1      | Reached XP level 3. HP: 29/29 MP: 3/3
   921 | D:1      | Found a white marble altar of Elyvilon.
  1282 | D:2      | Reached skill level 4 in Long Blades
  1282 | D:2      | Reached XP level 4. HP: 35/35 MP: 4/4
  1342 | D:3      | Found a hide-covered altar of Uskayaw.
  1342 | D:3      | Found a hazy altar of Hepliaklqana.
  1342 | D:3      | Found a white marble altar of Elyvilon.
  2438 | D:2      | Reached XP level 5. HP: 25/41 MP: 5/5
  2730 | D:2      | Reached skill level 5 in Long Blades
  2938 | D:3      | Found a sacrificial altar of Ru.
  2965 | D:3      | Became a worshipper of Ru the Awakened
  3146 | D:3      | Noticed Robin
  3540 | D:3      | Killed Robin
  3779 | D:3      | Reached XP level 6. HP: 47/47 MP: 6/6
  3797 | D:3      | Found a sparkling altar of Nemelex Xobeh.
  3949 | D:3      | Reached skill level 6 in Long Blades
  4063 | D:4      | Gained mutation: You cannot be stealthy. [Ru sacrifice]
  4122 | D:4      | Noticed a phantom
  4133 | D:5      | Entered Level 5 of the Dungeon
  4301 | D:4      | Upgraded the game from 0.24-a0-246-gb963c9a to
                  | 0.24-a0-269-g32ec7ca
  4338 | D:5      | Noticed an ogre
  4351 | D:5      | Killed an ogre
  4354 | D:5      | Found a stormy altar of Qazlal.
  4495 | D:5      | Found Vam Zodu's Gadget Shoppe.
  4515 | D:5      | Reached XP level 7. HP: 52/52 MP: 7/7
  4551 | D:5      | Reached skill level 7 in Long Blades
  5098 | D:5      | Found an ancient bone altar of Kikubaaqudgha.
  5111 | D:5      | Reached skill level 8 in Long Blades
  5225 | D:5      | Found a stormy altar of Qazlal.
  5229 | D:5      | Found a blossoming altar of Fedhas.
  5482 | D:5      | Reached XP level 8. HP: 26/58 MP: 8/8
  5661 | D:6      | Reached skill level 9 in Long Blades
  5877 | D:6      | Reached skill level 10 in Long Blades
  6361 | D:6      | Reached XP level 9. HP: 56/63 MP: 9/9
  6809 | D:6      | Reached skill level 11 in Long Blades
  7067 | D:6      | Gained mutation: You cannot study or cast Poison magic. [Ru
                  | sacrifice]
  7067 | D:6      | Gained mutation: You cannot study or cast Hexes magic. [Ru
                  | sacrifice]
  7067 | D:6      | Gained mutation: You cannot study or cast Summoning magic.
                  | [Ru sacrifice]
  7067 | D:6      | Reached * piety under Ru
  7067 | D:6      | Reached ** piety under Ru
  7866 | D:7      | Reached skill level 1 in Dodging
  8021 | D:7      | Quit the game

Levels and vault maps discovered:
D:1:      psy_arrival_radial01, layout_loops_ring, serial_bayou_ford_a,
          kennysheep_flooded_box, chequers_garden
D:2:      layout_loops_ring, first_ration, minivault_4
D:3:      layout_rooms, lemuel_round_altar,
          chequers_temple_overflow_statue_of_worship, minmay_rat_hole,
          uniq_robin
D:4:      layout_gridville, minmay_temple_entry_poolview, corexii_shack,
          kennysheep_nondescript
D:5:      layout_basic, grunt_temple_overflow_forces_of_nature,
          kennysheep_vampire_church, serial_shops, shop, grunt_qazlal_clouds
D:6:      layout_cave_pods, kennysheep_generic_room_7
D:7:      layout_rooms, small_statue_intersection

Skill      XL: |  1  2  3  4  5  6  7  8  9 |
---------------+----------------------------+-----
Long Blades    | 3 4 5 6 8 10 11 | 11.2
Dodging        | 1 |  1.0
Fighting       | |  3.5
Armour         | |  3.9
Shields        | |  3.0

Action                   |  1- 3 |  4- 6 |  7- 9 || total
-------------------------+-------+-------+-------++-------
Melee: Long sword        |   107 |   281 |       ||   388
       Short sword       |       |   111 |   289 ||   400
       Great sword       |       |       |    77 ||    77
       Falchion          |       |       |   162 ||   162
Throw: Tomahawk          |     2 |     8 |    10 ||    20
Invok: Sacrifice Stealth |       |     1 |       ||     1
       Sacrifice Arcana  |       |       |     1 ||     1
Evoke: Wand              |       |       |     1 ||     1
  Use: Potion            |     1 |     3 |     2 ||     6
       Scroll            |       |     8 |     4 ||    12
  Eat: Ration            |     1 |     2 |     3 ||     6
       Chunk             |       |     4 |     1 ||     5
Armor: Scale mail        |    43 |   189 |   153 ||   385
       Ring mail         |       |       |    30 ||    30
Dodge: Dodged            |    36 |   125 |   150 ||   311
Block: Shield            |    44 |   211 |   101 ||   356
       Rpst.: Long sword |    11 |    33 |       ||    44
       Great sword       |       |       |    11 ||    11
       Falchion          |       |       |    27 ||    27

Table legend:
 A = Non-vault XP
 B = Vault XP
 C = Vault XP percentage of total XP
 D = Non-vault monster count
 E = Vault monster count
 F = Vault count percentage of total count
                 A         B        C        D         E       F
            +---------+---------+-------+---------+---------+-------
      Total |    2469 |     351 |  12.4 |     138 |      41 |  22.9
            +---------+---------+-------+---------+---------+-------
        D:1 |      55 |       0 |   0.0 |      23 |       0 |   0.0
        D:2 |     118 |       2 |   1.7 |      31 |       2 |   6.1
        D:3 |     100 |      52 |  34.2 |      22 |      28 |  56.0
        D:4 |       7 |       0 |   0.0 |       2 |       0 |   0.0
        D:5 |     585 |     177 |  23.2 |      25 |       9 |  26.5
        D:6 |    1526 |     120 |   7.3 |      30 |       2 |   6.2
        D:7 |      78 |       0 |   0.0 |       5 |       0 |   0.0
            +---------+---------+-------+---------+---------+-------
